 Dungeon Crawl Stone Soup version 0.21.1-1-g345015f (webtiles) character file.

53 Kairos the Charmwright (level 3, -2/27 HPs)
             Began as a Demonspawn Skald on Mar 26, 2018.
             Slain by a bullfrog zombie (6 damage)
             ... on level 2 of the Dungeon.
             The game lasted 00:01:54 (1348 turns).

Kairos the Charmwright (Demonspawn Skald)           Turns: 1348, Time: 00:01:55

Health: -2/27      AC:  3    Str: 12    XL:     3   Next: 62%
Magic:  6/6        EV: 12    Int: 14    God:
Gold:   157        SH:  0    Dex: 12    Spells: 5/6 levels left

rFire    . . .     SeeInvis .   a - +0 mace
rCold    . . .     Gourm    .   (no shield)
rNeg     . . .     Faith    .   b - +0 leather armour
rPois    .         Spirit   .   (no helmet)
rElec    .         Reflect  .   (no cloak)
rCorr    .         Harm     .   (no gloves)
MR       .....                  (no boots)
Stlth    +.........             (no amulet)
HPRegen  0.09/turn              (no ring)
MPRegen  0.10/turn              (no ring)

@: drained
A: claws 1
a: no special abilities


You were on level 2 of the Dungeon.
You were not hungry.

You visited 1 branch of the dungeon, and saw 2 of its levels.

You collected 157 gold pieces.

Inventory:

Hand Weapons
 a - a +0 mace (weapon)
Armour
 b - a +0 leather armour (worn)
Scrolls
 f - a scroll of enchant armour {unknown}
 j - 2 scrolls of identify {unknown}
 k - 2 scrolls of teleportation {unknown}
 l - a scroll of fog {unknown}
Potions
 e - 2 potions of curing {unknown}
 g - a potion of might {unknown}
 h - a potion of haste {unknown}
 i - 2 potions of brilliance {unknown}
 m - a potion of invisibility {unknown}
Books
 c - a book of Battle

   Spells                             Type                      Level
   a - Infusion                       Charms                       1
   b - Shroud of Golubria             Charms/Translocation         2
   c - Song of Slaying                Charms                       2
   d - Spectral Weapon                Hexes/Charms                 3
   e - Regeneration                   Charms/Necromancy            3
Comestibles
 d - 2 rations
 n - a chunk of flesh


   Skills:
 + Level 2.1(1.8) Fighting
 + Level 2.6(2.3) Maces & Flails
 + Level 1.3(1.0) Armour
 + Level 2.1(1.8) Dodging
 + Level 0.1(0.0) Stealth
 + Level 2.1(1.8) Spellcasting
 + Level 3.1(2.8) Charms


You had 5 spell levels left.
You knew the following spells:

 Your Spells              Type           Power        Failure   Level  Hunger
a - Infusion              Chrm           #...         10%         1    ##.....


Dungeon Overview and Level Annotations

Branches:
Dungeon (2/15)

Altars:


Innate Abilities, Weirdness & Mutations

You have sharp fingernails.


Message History

The bullfrog zombie is heavily damaged.
The bullfrog zombie hits you. The bullfrog zombie hits you!
You are too injured to fight recklessly!
You are too injured to fight recklessly!
You are too injured to fight recklessly!
You are too injured to fight recklessly!
You are too injured to fight recklessly!
You are too injured to fight recklessly!
You hit the bullfrog zombie.
The bullfrog zombie is severely damaged.
The bullfrog zombie misses you. The bullfrog zombie barely misses you.
You thump the bullfrog zombie!
The bullfrog zombie is almost destroyed.
The bullfrog zombie closely misses you. The frilled lizard barely misses you.
You hit the bullfrog zombie.
The bullfrog zombie is almost destroyed.
The bullfrog zombie hits you.
* * * LOW HITPOINT WARNING * * *
The frilled lizard closely misses you. The bullfrog zombie hits you.
You die...

.#.#.#.#.#.#.#Z#.# #.#
................. .. .
#.#.#.#.#.#.#.#.#.#.#...
...........$.....!.......
#..#.#.#.#.#.#.#.#.#....#
#..............)........#
##..#.#.#.#.#.#(#.#.....#.
###...........lZ..#.....$
#.#.#.#.#.#.#@#........
##.....†............#.#
#.#.#.#.#.#.#........#
##.............###.#..
####.........## #
###########


You could see a bullfrog zombie and a frilled lizard.

Vanquished Creatures
  An adder (D:2)
  A worm (D:2)
  A leopard gecko (D:2)
  3 giant cockroaches
  6 goblins
  4 hobgoblins
  3 jackals (D:1)
  6 kobolds
  3 bats (D:1)
  4 frilled lizards
  5 rats
37 creatures vanquished.

Notes
Turn   | Place    | Note
-------+----------+-------------------------------------------
     0 | D:1      | Kairos the Demonspawn Skald began the quest for the Orb.
     0 | D:1      | Reached XP level 1. HP: 16/16 MP: 3/3
   175 | D:1      | Gained mutation: You have sharp fingernails. [demonic ancestry]
   175 | D:1      | Reached XP level 2. HP: 20/22 MP: 5/5
   243 | D:1      | Reached skill level 3 in Charms
   280 | D:1      | Reached skill level 1 in Armour
   545 | D:1      | Reached XP level 3. HP: 24/27 MP: 1/6
  1348 | D:2      | Slain by a bullfrog zombie

Skill      XL: |  1  2 |
---------------+-------+-----
Maces & Flails | 2 |  2.6
Charms         | 3 |  3.1
Armour         | 1 |  1.3
Dodging        | 2 |  2.1
Fighting       | |  2.1
Stealth        | |  0.1
Spellcasting   | |  2.1

Action                   || total
-------------------------++-------
Melee: Mace              ||   112
 Cast: Infusion          ||     2
 Stab: Sleeping          ||     1
  Eat: Chunk             ||     2
Armor: Leather armour    ||    29
Dodge: Dodged            ||    82
